 Dungeon Crawl Stone Soup version 0.29.0-15-g675c0067aa (webtiles) character file.

Game seed: 10561157161566823741

94151 qw the Severer (level 16, -7/101 HPs)
             Began as a Gargoyle Fighter on Sept 11, 2022.
             Was a High Priest of Okawaru.
             Mangled by an orc knight
             ... wielding a +2 great mace
              (18 damage)
             ... on level 2 of the Orcish Mines.
             The game lasted 00:09:24 (22483 turns).

qw the Severer (Gargoyle Fighter)                  Turns: 22483, Time: 00:09:25

Health: -7/101     AC: 40    Str: 31    XL:     16   Next: 10%
Magic:  18/23      EV: 14    Int: 10    God:    Okawaru [*****.]
Gold:   1855       SH: 33    Dex: 13    Spells: 15/15 levels left

rFire   . . .      SeeInvis +   Y - +4 broad axe (venom)
rCold   + . .      Faith    .   y - +8 tower shield of Supple Strength {rC+ Str+2 Dex+4 Slay+3}
rNeg    + + .      Spirit   .   l - +0 plate armour
rPois   inf        Reflect  +   p - +1 hat of the Old World {-Cast rN+ Regen+ Str+2}
rElec   +          Harm     .   m - +2 cloak
rCorr   .          Rampage  .   b - +2 pair of gloves
Will    +....      NoCast   +   n - +0 pair of boots {Fly}
Stlth   ..........              s - amulet of reflection
HPRegen 1.06/turn               a - ring of see invisible
MPRegen 0.18/turn               j - +4 ring of evasion

@: about to teleport, heroic, finesse-ful, flying
A: sickness immunity, AC +12, big wings, negative energy resistance 1,
electricity resistance, torment resistance 1, petrification resistance
a: Renounce Religion, Heroism, Finesse, Duel


You were on level 2 of the Orcish Mines.
You worshipped Okawaru.
Okawaru was extremely pleased with you.
You visited 4 branches of the dungeon, and saw 23 of its levels.

You collected 2073 gold pieces.
You spent 218 gold pieces at shops.


Innate Abilities, Weirdness & Mutations

You are immune to sickness and miasma.
Your stone body is resilient. (AC +12)
You are immune to poison.
Your large and strong wings let you fly.
You resist negative energy. (rN+)
You are resistant to electric shocks. (rElec)
You are resistant to unholy torment.
You are immune to petrification.


   Skills:
 - Level 12.1(17.1) Fighting
 - Level 16.1(21.1) Axes
 - Level 7.0(12.0) Throwing
 - Level 12.0(17.0) Armour
 - Level 3.0(8.0) Dodging
 + Level 13.5(18.5) Shields
 - Level 10.0 Invocations


You had 15 spell levels left.
You didn't know any spells.
Your spell library was empty.

Inventory:

Hand Weapons
 x - a +2 morningstar of protection
 Y - a +4 broad axe of venom (weapon)
Missiles
 t - 7 javelins
 A - 12 boomerangs
 D - 3 silver javelins (quivered)
 E - 3 boomerangs of dispersal
Armour
 b - a +2 pair of gloves (worn)
 e - a +0 chain mail of cold resistance
 l - a +0 plate armour (worn)
 m - a +2 cloak (worn)
 n - a +0 pair of boots of flying (worn)
 p - the +1 hat of the Old World (worn) {-Cast rN+ Regen+ Str+2}
   (Okawaru gifted it to you on level 5 of the Lair of Beasts)

   Str:       It affects your strength (+2).
   rN:        It protects you from negative energy.
   -Cast:     It prevents spellcasting.
   Regen:     It increases your rate of health regeneration.
 v - the +0 pair of gloves of Qoch {Will- Str+6}
   (You found it on level 8 of the Dungeon)

   Str:       It affects your strength (+6).
   Will:      It decreases your willpower.
 y - the +8 tower shield of Supple Strength (worn) {rC+ Str+2 Dex+4 Slay+3}
   (Okawaru gifted it to you on level 13 of the Dungeon)

   Str:       It affects your strength (+2).
   Dex:       It affects your dexterity (+4).
   Slay:      It affects your accuracy & damage with ranged weapons and melee
   (+3).
   rC:        It protects you from cold.
 B - +0 fire dragon scales
Jewellery
 a - a ring of see invisible (left hand)
 j - a +4 ring of evasion (right hand)
 q - the ring "Socy" {Fire Slay+4}
   (You acquired it on level 12 of the Dungeon)

   [ring of fire]

   It enhances your fire magic.
   Slay:      It affects your accuracy & damage with ranged weapons and melee
   (+4).
   rF:        It protects you from fire.
   rC:        It makes you vulnerable to cold.
 s - an amulet of reflection (around neck)
 u - a ring of ice
 C - a +4 ring of protection
Scrolls
 f - 12 scrolls of identify
 h - 5 scrolls of teleportation
 z - 2 scrolls of blinking
Potions
 c - a potion of haste
 d - 4 potions of might
 g - 8 potions of curing
 i - 4 potions of lignification
 k - a potion of mutation
 o - a potion of resistance
 r - 3 potions of heal wounds
 w - a potion of magic

Dungeon Overview and Level Annotations

Branches:
Dungeon (15/15)            Temple (1/1) D:4            Lair (5/5) D:10
 Shoals (0/4) Lair:2        Snake (0/4) Lair:2        Slime (0/5) Lair:4
    Orc (2/2) D:12            Elf (0/3) Orc:2        Vaults (0/5) D:13
 Depths (0/4) D:15

Altars:
Ashenzari
Cheibriados
Dithmenos
Elyvilon
Fedhas
Gozag
Hepliaklqana
Kikubaaqudgha
Makhleb
Nemelex Xobeh
Okawaru
Qazlal
Ru
Sif Muna
Trog
Uskayaw
Vehumet
Wu Jian
Xom
Yredelemnul
Zin
The Shining One
Ignis

Shops:
D:9 (   D:11 [

Annotations:
D:4 Ijyb
D:5 1 runed translucent door, Crazy Yiuf
D:7 1 runed translucent door, qw's ghost, amateur GrFi
Lair:4 1 runed translucent door, qw's ghost, journeyman DsCA
Orc:2 3 runed translucent doors, qw's ghost, journeyman GrBe


Message History

You kill the orc high priest!
Okawaru accepts your kill.
You slash the orc high priest!
The orc high priest looks as sick as possible!
You hit the orc knight but do no damage.
The orc knight is poisoned.
You block the orange demon's attack.
You hit the orc high priest.
The orc high priest looks as sick as possible!
The orc high priest is almost dead.
You hit the orc knight.
The orc knight looks as sick as possible!
The orc knight hits you from afar with a +0 bardiche.
The orc high priest prays.
The orc high priest mumbles some strange prayers to Beogh.
You block the orange demon's attack.
You chop the orc high priest into pieces!!!
You kill the orc high priest!
Okawaru accepts your kill.
The orange demon disappears in a puff of smoke! x3
You slash the orc warrior!
The orc warrior is poisoned.
You hit the orc knight but do no damage.
The orc knight looks as sick as possible!
You slice the orc warrior!!
You kill the orc warrior!
Okawaru accepts your kill.
You slice the orc knight!! You block the orc knight's attack.
The orc knight hits you with a +2 great mace!!
22483 ||| READING 6 scrolls of teleportation.
As you read the scroll of teleportation, it crumbles to dust.
You feel strangely unstable.
The orc knight unwields a +0 bardiche.
The orc knight wields a +0 arbalest.
The orc knight shoots a bolt.
You reflect the bolt off an invisible shield around you!
The bolt hits the orc knight.
You block the orc knight's attack.
The orc priest calls upon Beogh to heal the orc knight.
The orc knight's wounds heal themselves!
The orc knight hits you with a +2 great mace!!
You die...

####### .# ###.....###
... ###....)....### ...
##......)....).# ..
###..)........))..
#.#.#o#)#.#)#.#.#.#.#.#)
..oo¤o)@o)..............
..oo.o#)#)..............
...¤¤¤o...........).....
#.#.#¤#.#.#.#.#.#.#.#.#.
....¤.###...............
..... ##.............#
...## ##.........### ##
##.....### ######


You could see 4 orc knights, an orc warrior (strong) and an orc priest (strong).

Vanquished Creatures
  Frances (D:12)
  Snorg (Lair:4)
  2 fire dragons
  Fannar (D:12)
  A catoblepas (Lair:5)
  Erica (D:11)
  3 boulder beetles
  7 hydras
  An ogre mage (Orc:2)
  4 centaur warriors (D:14)
  14 death yaks
  A death knight (D:15)
  5 two-headed ogres
  A deep troll shaman (Lair:5)
  5 orc high priests (Orc:2)
  Urug (D:11)
  Nergalle (D:12)
  6 skeletal warriors
  A death drake (shapeshifter) (D:15)
  A necromancer (Lair:3)
  Pikel (D:9)
  4 orc knights
  6 deep elf pyromancers
  A wolf spider (D:15)
  A salamander (D:15)
  5 ugly things
  An orc sorcerer (Orc:1)
  3 cyclopes
  4 manticores
  5 black mambas
  A naga mage (D:12)
  15 elephants
  A torpor snail (Lair:3)
  2 gargoyles (D:12)
  4 unseen horrors
  A rime drake (Lair:4)
  8 cane toads
  8 komodo dragons
  A tengu conjurer (D:15)
  2 freezing wraiths (D:15)
  4 trolls
  4 merfolk (Lair:2)
  A meliai (shapeshifter) (D:15)
  A polar bear (shapeshifter) (D:13)
  5 polar bears
  3 meliai (D:13)
  11 blink frogs
  A raiju (shapeshifter) (D:15)
  2 hornets
  19 slime creatures
  3 wraiths
  45 yaks
  2 vampires
  A basilisk (shapeshifter) (D:15)
  8 wyverns
  A redback simulacrum (D:15)
  4 steam dragons
  5 basilisks
  2 wargs
  10 vampire mosquitoes
  Edmund (D:5)
  2 acid dragons
  16 water moccasins
  2 nagas (Lair:2)
  Duvessa (D:5)
  A sky beast (D:6)
  32 orc warriors
  2 elephant zombies (Lair:3)
  3 ice beasts
  31 wolves
  3 black bears
  8 centaurs
  4 ogres
  A kobold brigand (D:8)
  4 lemures (D:9)
  A komodo dragon zombie (Lair:3)
  Blork the orc (D:5)
  12 bullfrogs
  A gnoll sergeant (D:12)
  3 scorpions
  2 necrophages
  11 wights
  Dowan (D:5)
  16 killer bees (D:10)
  4 electric eels
  5 howler monkeys
  6 jellies
  22 orc priests
  5 gnoll boudas
  4 iguanas
  6 orc wizards
  25 gnolls
  5 adders
  A worm (D:3)
  2 dart slugs
  71 orcs
  4 ball pythons
  4 bats
  8 endoplasms
  10 giant cockroaches
  8 goblins
  9 hobgoblins
  A quokka (D:3)
  A frilled lizard (D:2)
  13 kobolds
  3 rats
  3 bushes (Lair:5)
643 creatures vanquished.

Vanquished Creatures (others)
  A wizard (D:13)
  4 bushes (Lair:5)
  29 fungi
  59 plants
93 creatures vanquished.

Grand Total: 736 creatures vanquished

Notes
Turn   | Place    | Note
-------+----------+-------------------------------------------
     0 | D:1      | qw the Gargoyle Fighter began the quest for the Orb.
     0 | D:1      | Reached XP level 1. HP: 14/14 MP: 1/1
     0 | D:1      | 0 ||| qw: Version: 0.1-a-119-g272c26d
     0 | D:1      | 0 ||| qw: Game counter: 10686
     0 | D:1      | 0 ||| qw: Always use a shield: true
     0 | D:1      | 0 ||| qw: God list: Okawaru
     0 | D:1      | 0 ||| qw: Allow faded altars: false
     0 | D:1      | 0 ||| qw: Do Orc after D:15 true
     0 | D:1      | 0 ||| qw: Do second Lair branch before Depths: true
     0 | D:1      | 0 ||| qw: Lair rune preference: random
     0 | D:1      | 0 ||| qw: Plans: Normal, Zot, God:TSO, Crypt, Tomb, Pan,
                  | Slime, Hells, Zig, Abyss, Orb
     0 | D:1      | 0 ||| PLANNING D:1-11
    80 | D:1      | Reached skill level 2 in Axes
   291 | D:1      | Reached XP level 2. HP: 17/19 MP: 2/2
   403 | D:1      | Found a faded altar of an unknown god.
   404 | D:1      | 404 ||| Stepping ~*~*~tactically~*~*~ (hiding).
   514 | D:1      | 514 ||| Stepping ~*~*~tactically~*~*~ (stealth).
   515 | D:1      | 515 ||| Stepping ~*~*~tactically~*~*~ (stealth).
   525 | D:1      | 525 ||| Stepping ~*~*~tactically~*~*~ (stealth).
   628 | D:1      | 628 ||| Stepping ~*~*~tactically~*~*~ (stealth).
   798 | D:1      | Reached skill level 3 in Axes
   972 | D:1      | Reached XP level 3. HP: 23/23 MP: 3/3
   981 | D:1      | 981 ||| DROPPING +0 club.
  1060 | D:1      | 1060 ||| UPGRADING to +0 cloak.
  1065 | D:1      | 1065 ||| READING scroll labelled RIEPLOA TUPYO.
  1066 | D:1      | 1066 ||| READING 2 scrolls labelled JOAXACVYUNG.
  1067 | D:1      | 1067 ||| READING 4 scrolls labelled GUGYHO DABEUR.
  1211 | D:2      | Found the +6 Majin-Bo {vamp, MP+6 Int+6}
  1328 | D:2      | 1328 ||| Stepping ~*~*~tactically~*~*~ (stealth).
  1490 | D:2      | 1490 ||| Stepping ~*~*~tactically~*~*~ (stealth).
  1629 | D:2      | Reached XP level 4. HP: 27/28 MP: 4/4
  1780 | D:2      | Reached skill level 4 in Axes
  1907 | D:2      | 1907 ||| UPGRADING to +1 helmet.
  1912 | D:2      | 1912 ||| UPGRADING to +2 cloak.
  1922 | D:2      | 1922 ||| DROPPING +0 cloak.
  1923 | D:2      | 1923 ||| READING scroll labelled POAZEN IGGEPP.
  1924 | D:2      | 1924 ||| READING scroll labelled ZAROT BECVALERR.
  1925 | D:2      | 1925 ||| READING 2 scrolls of identify.
  1925 | D:2      | 1925 ||| IDENTIFYING murky brown potion
  1930 | D:2      | 1930 ||| Stepping ~*~*~tactically~*~*~ (stealth).
  1983 | D:3      | 1983 ||| FLEEEEING.
  2050 | D:3      | 2050 ||| Stepping ~*~*~tactically~*~*~ (hiding).
  2052 | D:3      | 2052 ||| Stepping ~*~*~tactically~*~*~ (hiding).
  2054 | D:3      | 2054 ||| Stepping ~*~*~tactically~*~*~ (hiding).
  2056 | D:3      | 2056 ||| Stepping ~*~*~tactically~*~*~ (hiding).
  2057 | D:3      | 2057 ||| Stepping ~*~*~tactically~*~*~ (hiding).
  2132 | D:3      | 2132 ||| Stepping ~*~*~tactically~*~*~ (stealth).
  2141 | D:3      | 2141 ||| DROPPING +0 whip.
  2167 | D:3      | HP: 5/28 [gnoll/+0 spear[a gnoll bouda] (4)]
  2168 | D:3      | 2168 ||| READING 4 scrolls of teleportation.
  2169 | D:3      | 2169 ||| DRINKING potion of heal wounds.
  2293 | D:3      | Found an opulent altar of Gozag.
  2299 | D:3      | 2299 ||| Stepping ~*~*~tactically~*~*~ (stealth).
  2301 | D:3      | 2301 ||| Stepping ~*~*~tactically~*~*~ (hiding).
  2303 | D:3      | 2303 ||| Stepping ~*~*~tactically~*~*~ (hiding).
  2304 | D:3      | 2304 ||| Stepping ~*~*~tactically~*~*~ (hiding).
  2311 | D:3      | 2311 ||| FLEEEEING.
  2312 | D:3      | 2312 ||| FLEEEEING.
  2518 | D:3      | Found a stormy altar of Qazlal.
  2522 | D:3      | Found a shadowy altar of Dithmenos.
  2526 | D:3      | Found a snail-covered altar of Cheibriados.
  2598 | D:3      | Reached XP level 5. HP: 32/32 MP: 5/5
  3016 | D:3      | 3016 ||| UPGRADING to +0 plate armour.
  3026 | D:3      | 3026 ||| DROPPING +0 scale mail.
  3027 | D:3      | 3027 ||| DROPPING ring of wizardry.
  3028 | D:3      | 3028 ||| READING scroll labelled TORHIU AMISI.
  3129 | D:3      | 3129 ||| DRINKING 2 viscous clear potions.
  3212 | D:4      | Noticed an ogre
  3217 | D:4      | Killed an ogre
  3218 | D:4      | Reached skill level 5 in Axes
  3218 | D:4      | Reached XP level 6. HP: 34/37 MP: 6/6
  3238 | D:4      | 3238 ||| Stepping ~*~*~tactically~*~*~ (stealth).
  3311 | D:4      | 3311 ||| Stepping ~*~*~tactically~*~*~ (stealth).
  3324 | D:4      | 3324 ||| Stepping ~*~*~tactically~*~*~ (stealth).
  3325 | D:4      | 3325 ||| Stepping ~*~*~tactically~*~*~ (stealth).
  3439 | D:4      | Found an ornate altar of the Wu Jian Council.
  3482 | D:4      | Noticed an ice beast
  3488 | D:4      | Killed an ice beast
  3638 | D:4      | 3638 ||| Stepping ~*~*~tactically~*~*~ (stealth).
  3639 | D:4      | 3639 ||| Stepping ~*~*~tactically~*~*~ (stealth).
  3639 | D:4      | Noticed Ijyb
  3640 | D:4      | 3640 ||| Stepping ~*~*~tactically~*~*~ (hiding).
  3653 | D:4      | HP: 9/39 [Ijyb/+0 dagger (2)]
  3654 | D:4      | 3654 ||| READING 3 scrolls of teleportation.
  4001 | D:4      | 4001 ||| Stepping ~*~*~tactically~*~*~ (stealth).
  4009 | D:4      | Reached skill level 6 in Axes
  4115 | D:4      | Reached XP level 7. HP: 44/44 MP: 7/7
  4216 | D:4      | 4216 ||| SWAPPING to +2 war axe of flaming.
  4217 | D:4      | 4217 ||| DROPPING +3 flail.
  4218 | D:4      | 4218 ||| DROPPING +0 war axe.
  4447 | D:4      | Found a staircase to the Ecumenical Temple.
  4451 | D:4      | 4451 ||| PLANNING TEMPLE
  4451 | D:4      | 4451 ||| UPGRADING to +0 pair of gloves.
  4456 | D:4      | 4456 ||| READING scroll labelled LUPLAT NUPICW.
  4457 | D:4      | 4457 ||| READING scroll labelled UMAJAS REJUCAMA.
  4458 | D:4      | 4458 ||| READING 2 scrolls of identify.
  4458 | D:4      | 4458 ||| IDENTIFYING glowing ruby potion
  4461 | Temple   | Entered the Ecumenical Temple
  4501 | Temple   | 4501 ||| PLANNING D:1-11
  4519 | Temple   | Became a worshipper of Warmaster Okawaru
  4553 | D:5      | Entered Level 5 of the Dungeon
  4553 | D:5      | Noticed Edmund
  4559 | D:5      | Killed Edmund
  4711 | D:5      | 4711 ||| Stepping ~*~*~tactically~*~*~ (stealth).
  4776 | D:5      | Found a runed translucent door.
  4777 | D:5      | Noticed Crazy Yiuf
  4907 | D:5      | 4907 ||| Stepping ~*~*~tactically~*~*~ (stealth).
  4912 | D:5      | 4912 ||| Stepping ~*~*~tactically~*~*~ (stealth).
  4916 | D:5      | 4916 ||| Stepping ~*~*~tactically~*~*~ (stealth).
  4917 | D:5      | 4917 ||| Stepping ~*~*~tactically~*~*~ (stealth).
  4922 | D:5      | Reached * piety under Okawaru
  4923 | D:5      | Reached skill level 7 in Axes
  4927 | D:5      | Reached skill level 1 in Invocations
  4951 | D:5      | Reached XP level 8. HP: 43/49 MP: 7/9
  4988 | D:5      | Noticed Duvessa
  4989 | D:5      | 4989 ||| INVOKING Heroism.
  4998 | D:5      | Killed Duvessa
  4999 | D:5      | Reached skill level 1 in Dodging
  4999 | D:5      | Noticed Dowan
  5000 | D:5      | 5000 ||| Stepping ~*~*~tactically~*~*~ (stealth).
  5044 | D:5      | Noticed Blork the orc
  5045 | D:5      | 5045 ||| Stepping ~*~*~tactically~*~*~ (hiding).
  5046 | D:5      | 5046 ||| Stepping ~*~*~tactically~*~*~ (hiding).
  5051 | D:5      | 5051 ||| INVOKING Heroism.
  5058 | D:5      | Killed Blork the orc
  5068 | D:5      | 5068 ||| Stepping ~*~*~tactically~*~*~ (stealth).
  5084 | D:5      | 5084 ||| INVOKING Heroism.
  5086 | D:5      | Reached skill level 3 in Invocations
  5339 | D:5      | 5339 ||| INVOKING Heroism.
  5341 | D:5      | 5341 ||| Stepping ~*~*~tactically~*~*~ (hiding).
  5342 | D:5      | 5342 ||| Stepping ~*~*~tactically~*~*~ (hiding).
  5346 | D:5      | 5346 ||| Stepping ~*~*~tactically~*~*~ (hiding).
  5352 | D:5      | Killed Dowan
  5579 | D:5      | Reached ** piety under Okawaru
  5580 | D:5      | Reached skill level 1 in Throwing
  5598 | D:5      | 5598 ||| DROPPING +6 ring of intelligence.
  5599 | D:5      | 5599 ||| READING scroll labelled LIMIHA HIFEXUTZ.
  5600 | D:5      | 5600 ||| READING 2 scrolls labelled ACEMAESTAA.
  5601 | D:5      | 5601 ||| READING scroll of enchant armour.
  5601 | D:5      | 5601 ||| ENCHANTING +0 pair of gloves.
  5602 | D:5      | 5602 ||| READING 3 scrolls of identify.
  5602 | D:5      | 5602 ||| IDENTIFYING white potion
  5603 | D:5      | 5603 ||| READING 2 scrolls of identify.
  5603 | D:5      | 5603 ||| IDENTIFYING golden potion
  5604 | D:5      | 5604 ||| DROPPING potion of berserk rage.
  5767 | D:6      | 5767 ||| INVOKING Heroism.
  5912 | D:6      | 5912 ||| Stepping ~*~*~tactically~*~*~ (stealth).
  5915 | D:6      | 5915 ||| INVOKING Heroism.
  5929 | D:6      | Reached skill level 8 in Axes
  6013 | D:6      | Reached XP level 9. HP: 48/55 MP: 12/12
  6154 | D:6      | Noticed a manticore
  6155 | D:6      | 6155 ||| INVOKING Heroism.
  6165 | D:6      | Killed a manticore
  6402 | D:6      | 6402 ||| INVOKING Heroism.
  6614 | D:6      | 6614 ||| INVOKING Heroism.
  6764 | D:6      | 6764 ||| DROPPING +1 hat.
  6765 | D:6      | 6765 ||| UPGRADING to amulet of reflection.
  6770 | D:6      | 6770 ||| DROPPING amulet of guardian spirit.
  6771 | D:6      | 6771 ||| UPGRADING to ring of see invisible.
  6772 | D:6      | 6772 ||| UPGRADING to +4 ring of evasion.
  6794 | D:7      | Found a radiant altar of Vehumet.
  6808 | D:7      | 6808 ||| Stepping ~*~*~tactically~*~*~ (hiding).
  6813 | D:7      | 6813 ||| INVOKING Heroism.
  6866 | D:7      | Found a runed translucent door.
  6875 | D:7      | Noticed qw's ghost (amateur GrFi)
  6916 | D:7      | 6916 ||| INVOKING Heroism.
  6917 | D:7      | 6917 ||| Stepping ~*~*~tactically~*~*~ (cloud).
  7070 | D:7      | 7070 ||| Stepping ~*~*~tactically~*~*~ (hiding).
  7076 | D:7      | 7076 ||| INVOKING Heroism.
  7080 | D:7      | Reached skill level 9 in Axes
  7188 | D:7      | 7188 ||| Stepping ~*~*~tactically~*~*~ (stealth).
  7191 | D:7      | 7191 ||| INVOKING Heroism.
  7218 | D:7      | Found a sparkling altar of Nemelex Xobeh.
  7219 | D:7      | 7219 ||| Stepping ~*~*~tactically~*~*~ (hiding).
  7222 | D:7      | 7222 ||| INVOKING Heroism.
  7225 | D:7      | 7225 ||| Stepping ~*~*~tactically~*~*~ (hiding).
  7228 | D:7      | 7228 ||| Stepping ~*~*~tactically~*~*~ (hiding).
  7371 | D:7      | 7371 ||| DROPPING amulet of faith.
  7372 | D:7      | 7372 ||| READING scroll labelled MOILAKH NAQUOT.
  7373 | D:7      | 7373 ||| READING scroll labelled EMOTZA VUPHUK.
  7403 | D:7      | 7403 ||| DRINKING 2 amethyst potions.
  7404 | D:7      | 7404 ||| READING 2 scrolls of identify.
  7404 | D:7      | 7404 ||| IDENTIFYING glowing black potion
  7405 | D:7      | 7405 ||| DROPPING potion of degeneration.
  7422 | D:8      | 7422 ||| STAIRDANCE
  7429 | D:7      | Reached skill level 6 in Armour
  7455 | D:8      | 7455 ||| STAIRDANCE
  7493 | D:8      | Reached *** piety under Okawaru
  7584 | D:8      | 7584 ||| READING scroll of enchant armour.
  7584 | D:8      | 7584 ||| ENCHANTING +1 pair of gloves.
  7593 | D:8      | 7593 ||| Stepping ~*~*~tactically~*~*~ (stealth).
  7597 | D:8      | 7597 ||| Stepping ~*~*~tactically~*~*~ (stealth).
  7715 | D:8      | 7715 ||| Stepping ~*~*~tactically~*~*~ (stealth).
  7717 | D:8      | 7717 ||| Stepping ~*~*~tactically~*~*~ (hiding).
  7719 | D:8      | 7719 ||| Stepping ~*~*~tactically~*~*~ (hiding).
  7722 | D:8      | 7722 ||| INVOKING Heroism.
  7728 | D:8      | Reached XP level 10. HP: 63/63 MP: 10/13
  7800 | D:8      | 7800 ||| INVOKING Heroism.
  7974 | D:8      | Identified the +0 pair of gloves of Qoch {Will- Str+6}
  8021 | D:8      | 8021 ||| INVOKING Heroism.
  8216 | D:8      | 8216 ||| INVOKING Heroism.
  8388 | D:8      | 8388 ||| READING scroll labelled LUTIOT ZEVIW.
  8389 | D:8      | 8389 ||| READING 3 scrolls labelled VUEDUL MIKEH.
  8390 | D:8      | 8390 ||| DROPPING 2 scrolls of magic mapping.
  8420 | D:9      | 8420 ||| Stepping ~*~*~tactically~*~*~ (hiding).
  8422 | D:9      | 8422 ||| INVOKING Heroism.
  8429 | D:9      | Reached skill level 10 in Axes
  8445 | D:9      | 8445 ||| INVOKING Heroism.
  8458 | D:9      | 8458 ||| Stepping ~*~*~tactically~*~*~ (stealth).
  8459 | D:9      | 8459 ||| Stepping ~*~*~tactically~*~*~ (stealth).
  8557 | D:9      | 8557 ||| FLEEEEING.
  8558 | D:9      | 8558 ||| STAIRDANCE
  8668 | D:9      | Found the +5 robe of Misfortune {Harm *Corrode *Slow EV+5}
  8677 | D:9      | 8677 ||| INVOKING Heroism.
  8684 | D:9      | Reached **** piety under Okawaru
  8706 | D:9      | 8706 ||| INVOKING Heroism.
  8713 | D:9      | Noticed Pikel
  8726 | D:9      | Killed Pikel
  8901 | D:9      | Found Tat Gorgh's Weapon Shop.
  8912 | D:9      | 8912 ||| BUYING +2 morningstar of protection (218 gold).
  8912 | D:9      | Bought a +2 morningstar of protection for 218 gold pieces
  8912 | D:9      | 8912 ||| DROPPING +0 flail.
  9020 | D:9      | Found a shimmering blue altar of Sif Muna.
  9069 | D:9      | Found a glowing silver altar of Zin.
  9102 | D:9      | Found a glowing golden altar of the Shining One.
  9287 | D:9      | 9287 ||| UPGRADING to +0 pair of boots.
  9292 | D:9      | 9292 ||| READING 2 scrolls labelled CITHREHENUESS.
  9293 | D:9      | 9293 ||| DROPPING scroll of fear.
  9316 | D:10     | Entered Level 10 of the Dungeon
  9339 | D:10     | 9339 ||| Stepping ~*~*~tactically~*~*~ (stealth).
  9372 | D:10     | Reached skill level 6 in Invocations
  9414 | D:10     | Noticed a boulder beetle
  9415 | D:10     | 9415 ||| INVOKING Heroism.
  9443 | D:10     | 9443 ||| INVOKING Heroism.
  9448 | D:10     | Killed a boulder beetle
  9448 | D:10     | Reached ***** piety under Okawaru
  9449 | D:10     | Reached XP level 11. HP: 68/68 MP: 12/15
  9512 | D:10     | Received a gift from Okawaru
  9522 | D:10     | 9522 ||| Stepping ~*~*~tactically~*~*~ (stealth).
  9528 | D:10     | 9528 ||| Stepping ~*~*~tactically~*~*~ (stealth).
  9529 | D:10     | 9529 ||| INVOKING Heroism.
  9530 | D:10     | 9530 ||| Stepping ~*~*~tactically~*~*~ (stealth).
  9551 | D:10     | Reached skill level 3 in Throwing
  9616 | D:10     | 9616 ||| Stepping ~*~*~tactically~*~*~ (hiding).
  9620 | D:10     | 9620 ||| INVOKING Heroism.
  9636 | D:10     | Found a staircase to the Lair.
  9692 | D:10     | 9692 ||| INVOKING Heroism.
  9774 | D:10     | Reached skill level 11 in Axes
  9881 | D:10     | Identified the ring of Baesavoo {Wiz rF++ Int+4 Slay-6}
 10021 | D:10     | 10021 ||| Stepping ~*~*~tactically~*~*~ (stealth).
 10023 | D:10     | 10023 ||| INVOKING Heroism.
 10185 | D:10     | 10185 ||| PLANNING LAIR
 10228 | Lair:1   | Entered Level 1 of the Lair of Beasts
 10249 | Lair:1   | 10249 ||| Stepping ~*~*~tactically~*~*~ (stealth).
 10287 | Lair:1   | Reached skill level 9 in Invocations
 10381 | Lair:1   | 10381 ||| Stepping ~*~*~tactically~*~*~ (hiding).
 10502 | Lair:1   | Noticed an eight-headed hydra
 10503 | Lair:1   | 10503 ||| INVOKING Heroism.
 10504 | Lair:1   | 10504 ||| INVOKING Finesse.
 10506 | Lair:1   | 10506 ||| SWAPPING to +2 morningstar of protection.
 10510 | Lair:1   | Killed an eight-headed hydra
 10510 | Lair:1   | Received a gift from Okawaru
 10511 | Lair:1   | 10511 ||| SWAPPING to +2 war axe of draining.
 10713 | Lair:1   | 10713 ||| INVOKING Heroism.
 11028 | Lair:1   | Noticed a death yak
 11029 | Lair:1   | 11029 ||| INVOKING Heroism.
 11029 | Lair:1   | Noticed a death yak
 11030 | Lair:1   | 11030 ||| Stepping ~*~*~tactically~*~*~ (stealth).
 11031 | Lair:1   | 11031 ||| INVOKING Finesse.
 11035 | Lair:1   | Noticed a death yak
 11045 | Lair:1   | Killed a death yak
 11046 | Lair:1   | Reached skill level 9 in Fighting
 11055 | Lair:1   | Killed a death yak
 11055 | Lair:1   | Received a gift from Okawaru
 11056 | Lair:1   | Reached XP level 12. HP: 76/76 MP: 13/19
 11063 | Lair:1   | Killed a death yak
 11336 | Lair:1   | 11336 ||| UPGRADING to +0 pair of boots of flying.
 11346 | Lair:1   | 11346 ||| DROPPING +0 pair of boots.
 11347 | Lair:1   | 11347 ||| READING scroll labelled RAKIWO KOFOTAEMPET.
 11376 | Lair:2   | 11376 ||| STAIRDANCE
 11385 | Lair:1   | Reached skill level 9 in Armour
 11387 | Lair:2   | 11387 ||| STAIRDANCE
 11389 | Lair:1   | 11389 ||| INVOKING Heroism.
 11518 | Lair:2   | 11518 ||| Stepping ~*~*~tactically~*~*~ (stealth).
 11519 | Lair:2   | 11519 ||| Stepping ~*~*~tactically~*~*~ (stealth).
 11529 | Lair:2   | 11529 ||| Stepping ~*~*~tactically~*~*~ (stealth).
 11677 | Lair:2   | 11677 ||| INVOKING Heroism.
 11751 | Lair:2   | Found a staircase to the Shoals.
 11752 | Lair:2   | 11752 ||| INVOKING Heroism.
 12100 | Lair:2   | Found a staircase to the Snake Pit.
 12450 | Lair:2   | Reached skill level 12 in Axes
 12548 | Lair:2   | 12548 ||| DROPPING amulet of regeneration.
 12549 | Lair:2   | 12549 ||| DROPPING ring of Baesavoo {Wiz rF++ Int+4
                  | Slay-6}.
 12550 | Lair:2   | 12550 ||| DROPPING ring of positive energy.
 12551 | Lair:2   | 12551 ||| DROPPING ring of willpower.
 12552 | Lair:2   | 12552 ||| DROPPING +6 ring of dexterity.
 12553 | Lair:2   | 12553 ||| READING 3 scrolls of identify.
 12553 | Lair:2   | 12553 ||| IDENTIFYING murky red potion
 12554 | Lair:2   | 12554 ||| DROPPING potion of ambrosia.
 12669 | Lair:3   | 12669 ||| INVOKING Heroism.
 12823 | Lair:3   | 12823 ||| INVOKING Heroism.
 12864 | Lair:3   | 12864 ||| INVOKING Heroism.
 12871 | Lair:3   | Reached skill level 6 in Shields
 12941 | Lair:3   | 12941 ||| INVOKING Heroism.
 13132 | Lair:3   | Identified the +9 executioner's axe "Naut" {antimagic, rF+}
 13136 | Lair:3   | 13136 ||| DROPPING +1 morningstar of protection.
 13225 | Lair:3   | 13225 ||| Stepping ~*~*~tactically~*~*~ (stealth).
 13251 | Lair:3   | 13251 ||| FLEEEEING.
 13252 | Lair:3   | 13252 ||| FLEEEEING.
 13253 | Lair:3   | 13253 ||| FLEEEEING.
 13254 | Lair:3   | 13254 ||| STAIRDANCE
 13258 | Lair:3   | 13258 ||| STAIRDANCE
 13334 | Lair:3   | 13334 ||| INVOKING Heroism.
 13475 | Lair:3   | Noticed an eight-headed hydra
 13476 | Lair:3   | 13476 ||| INVOKING Heroism.
 13477 | Lair:3   | 13477 ||| SWAPPING to +2 morningstar of protection.
 13478 | Lair:3   | 13478 ||| INVOKING Finesse.
 13486 | Lair:3   | Killed an eight-headed hydra
 13487 | Lair:3   | 13487 ||| SWAPPING to +3 war axe of draining.
 13869 | Lair:4   | 13869 ||| INVOKING Heroism.
 13896 | Lair:4   | 13896 ||| INVOKING Heroism.
 13922 | Lair:4   | Noticed a five-headed hydra
 13923 | Lair:4   | 13923 ||| INVOKING Finesse.
 13928 | Lair:4   | 13928 ||| SWAPPING to +2 morningstar of protection.
 13935 | Lair:4   | Killed a five-headed hydra
 13936 | Lair:4   | Reached XP level 13. HP: 82/82 MP: 15/20
 13936 | Lair:4   | 13936 ||| SWAPPING to +3 war axe of draining.
 13967 | Lair:4   | Found a runed translucent door.
 13969 | Lair:4   | Noticed qw's ghost (journeyman DsCA)
 13981 | Lair:4   | 13981 ||| INVOKING Heroism.
 14034 | Lair:4   | Reached skill level 13 in Axes
 14145 | Lair:4   | 14145 ||| INVOKING Heroism.
 14184 | Lair:4   | Received a gift from Okawaru
 14185 | Lair:4   | 14185 ||| INVOKING Finesse.
 14208 | Lair:4   | Reached skill level 14 in Axes
 14217 | Lair:4   | 14217 ||| INVOKING Heroism.
 14412 | Lair:4   | 14412 ||| Stepping ~*~*~tactically~*~*~ (stealth).
 14412 | Lair:4   | Noticed Snorg
 14413 | Lair:4   | 14413 ||| INVOKING Heroism.
 14414 | Lair:4   | 14414 ||| SWAPPING to +2 morningstar of protection.
 14415 | Lair:4   | 14415 ||| INVOKING Finesse.
 14420 | Lair:4   | 14420 ||| SWAPPING to +3 war axe of draining.
 14435 | Lair:4   | Killed Snorg
 14513 | Lair:4   | Found a staircase to the Slime Pits.
 14619 | Lair:4   | 14619 ||| Stepping ~*~*~tactically~*~*~ (stealth).
 14625 | Lair:4   | 14625 ||| FLEEEEING.
 14754 | Lair:4   | 14754 ||| INVOKING Heroism.
 15024 | Lair:4   | Identified the +11 trident of Orchoj {drain, Dex+10 Stlth-}
 15108 | Lair:4   | 15108 ||| DROPPING scarf of shadows.
 15134 | Lair:5   | Entered Level 5 of the Lair of Beasts
 15135 | Lair:5   | 15135 ||| INVOKING Heroism.
 15136 | Lair:5   | 15136 ||| STAIRDANCE
 15222 | Lair:5   | 15222 ||| STAIRDANCE
 15224 | Lair:4   | 15224 ||| INVOKING Heroism.
 15332 | Lair:5   | 15332 ||| STAIRDANCE
 15334 | Lair:4   | 15334 ||| INVOKING Heroism.
 15454 | Lair:5   | 15454 ||| STAIRDANCE
 15523 | Lair:5   | 15523 ||| Stepping ~*~*~tactically~*~*~ (stealth).
 15537 | Lair:5   | 15537 ||| INVOKING Heroism.
 15542 | Lair:5   | 15542 ||| Stepping ~*~*~tactically~*~*~ (stealth).
 15546 | Lair:5   | Received a gift from Okawaru
 15552 | Lair:5   | 15552 ||| SWAPPING to +4 broad axe of venom.
 15553 | Lair:5   | 15553 ||| DROPPING +3 war axe of draining.
 15596 | Lair:5   | 15596 ||| INVOKING Heroism.
 15654 | Lair:5   | 15654 ||| Stepping ~*~*~tactically~*~*~ (stealth).
 15668 | Lair:5   | Gained mutation: Your large and strong wings let you fly.
                  | [Gargoyle growth]
 15668 | Lair:5   | Reached XP level 14. HP: 90/90 MP: 21/21
 15726 | Lair:5   | 15726 ||| INVOKING Heroism.
 15737 | Lair:5   | 15737 ||| Stepping ~*~*~tactically~*~*~ (stealth).
 16022 | Lair:5   | 16022 ||| Stepping ~*~*~tactically~*~*~ (stealth).
 16125 | Lair:5   | 16125 ||| INVOKING Heroism.
 16126 | Lair:5   | 16126 ||| INVOKING Finesse.
 16239 | Lair:5   | Reached skill level 15 in Axes
 16264 | Lair:5   | 16264 ||| READING scroll of enchant armour.
 16264 | Lair:5   | 16264 ||| ENCHANTING +1 helmet.
 16274 | Lair:5   | 16274 ||| INVOKING Heroism.
 16347 | Lair:5   | Identified the +9 trident of Paixtafa {flame, *Rage rPois
                  | Dex+6 SInv}
 16403 | Lair:5   | 16403 ||| Stepping ~*~*~tactically~*~*~ (stealth).
 16406 | Lair:5   | 16406 ||| Stepping ~*~*~tactically~*~*~ (stealth).
 16473 | Lair:5   | 16473 ||| Stepping ~*~*~tactically~*~*~ (stealth).
 16474 | Lair:5   | 16474 ||| Stepping ~*~*~tactically~*~*~ (stealth).
 16475 | Lair:5   | 16475 ||| Stepping ~*~*~tactically~*~*~ (stealth).
 16574 | Lair:5   | 16574 ||| INVOKING Heroism.
 16575 | Lair:5   | 16575 ||| INVOKING Finesse.
 16591 | Lair:5   | Reached skill level 12 in Fighting
 16593 | Lair:5   | Received a gift from Okawaru
 16599 | Lair:5   | Identified the +1 hat of the Old World {-Cast rN+ Regen+
                  | Str+2} (Okawaru gifted it to you on level 5 of the Lair of
                  | Beasts)
 16599 | Lair:5   | Received a gift from Okawaru
 16655 | Lair:5   | 16655 ||| FLEEEEING.
 16942 | Lair:5   | 16942 ||| INVOKING Heroism.
 17037 | Lair:5   | 17037 ||| INVOKING Heroism.
 17038 | Lair:5   | 17038 ||| INVOKING Finesse.
 17041 | Lair:5   | 17041 ||| SWAPPING to +2 morningstar of protection.
 17048 | Lair:5   | Reached skill level 12 in Armour
 17048 | Lair:5   | 17048 ||| SWAPPING to +4 broad axe of venom.
 17083 | Lair:5   | Found the amulet of the Air {Inacc Air Fly rElec RMsl}
 17171 | Lair:5   | 17171 ||| PLANNING D:1-11
 17171 | Lair:5   | 17171 ||| UPGRADING to +1 hat of the Old World {-Cast rN+
                  | Regen+ Str+2}.
 17181 | Lair:5   | 17181 ||| DROPPING +2 helmet.
 17318 | D:11     | 17318 ||| INVOKING Heroism.
 17319 | D:11     | 17319 ||| INVOKING Finesse.
 17321 | D:11     | 17321 ||| SWAPPING to +2 morningstar of protection.
 17331 | D:11     | 17331 ||| SWAPPING to +4 broad axe of venom.
 17389 | D:11     | 17389 ||| INVOKING Heroism.
 17513 | D:11     | 17513 ||| INVOKING Heroism.
 17604 | D:11     | Noticed Erica
 17605 | D:11     | 17605 ||| INVOKING Heroism.
 17606 | D:11     | 17606 ||| INVOKING Finesse.
 17615 | D:11     | Killed Erica
 17665 | D:11     | Noticed Urug
 17667 | D:11     | 17667 ||| INVOKING Heroism.
 17675 | D:11     | Killed Urug
 17871 | D:11     | Found Mehets's Antique Armour Boutique.
 18050 | D:11     | 18050 ||| PLANNING D
 18095 | D:12     | 18095 ||| INVOKING Heroism.
 18129 | D:12     | Noticed Frances
 18134 | D:12     | Noticed Fannar
 18145 | D:12     | 18145 ||| INVOKING Heroism.
 18145 | D:12     | HP: 19/92 [Frances/+0 trident (12)]
 18146 | D:12     | 18146 ||| READING 8 scrolls of teleportation.
 18147 | D:12     | 18147 ||| DRINKING 6 potions of heal wounds.
 18149 | D:12     | Killed Fannar
 18150 | D:12     | Reached skill level 6 in Throwing
 18160 | D:12     | HP: 22/92 [sun demon[Frances] (12)]
 18161 | D:12     | 18161 ||| READING 7 scrolls of teleportation.
 18164 | D:12     | 18164 ||| DRINKING 5 potions of heal wounds.
 18242 | D:12     | 18242 ||| INVOKING Heroism.
 18288 | D:12     | 18288 ||| INVOKING Heroism.
 18294 | D:12     | Noticed Nergalle
 18297 | D:12     | Killed Frances
 18310 | D:12     | Killed Nergalle
 18605 | D:12     | 18605 ||| Stepping ~*~*~tactically~*~*~ (hiding).
 18607 | D:12     | 18607 ||| INVOKING Heroism.
 18614 | D:12     | 18614 ||| Stepping ~*~*~tactically~*~*~ (hiding).
 18646 | D:12     | Reached XP level 15. HP: 96/96 MP: 22/22
 18669 | D:12     | Found a staircase to the Orcish Mines.
 18738 | D:12     | 18738 ||| READING scroll labelled RUOGIXUSUM.
 18738 | D:12     | Identified a scroll of acquirement
 18738 | D:12     | 18738 ||| ACQUIRING ring "Socy" {Fire Slay+4}
 18738 | D:12     | Acquired the ring "Socy" {Fire Slay+4}
 18740 | D:12     | 18740 ||| READING 13 scrolls of identify.
 18740 | D:12     | 18740 ||| IDENTIFYING coppery potion
 18741 | D:12     | 18741 ||| DROPPING potion of brilliance.
 18742 | D:12     | 18742 ||| DROPPING 2 scrolls of torment.
 18755 | D:13     | 18755 ||| PLANNING GAUNTLET
 18763 | D:13     | 18763 ||| INVOKING Heroism.
 18765 | D:13     | 18765 ||| Stepping ~*~*~tactically~*~*~ (stealth).
 18767 | D:13     | 18767 ||| READING 7 scrolls of teleportation.
 18903 | D:13     | 18903 ||| Stepping ~*~*~tactically~*~*~ (stealth).
 18910 | D:13     | 18910 ||| Stepping ~*~*~tactically~*~*~ (stealth).
 18914 | D:13     | 18914 ||| INVOKING Heroism.
 18916 | D:13     | 18916 ||| READING 6 scrolls of teleportation.
 18923 | D:13     | Reached skill level 16 in Axes
 19040 | D:13     | 19040 ||| INVOKING Heroism.
 19044 | D:13     | 19044 ||| Stepping ~*~*~tactically~*~*~ (stealth).
 19097 | D:13     | 19097 ||| Stepping ~*~*~tactically~*~*~ (stealth).
 19099 | D:13     | 19099 ||| Stepping ~*~*~tactically~*~*~ (stealth).
 19101 | D:13     | 19101 ||| Stepping ~*~*~tactically~*~*~ (stealth).
 19102 | D:13     | 19102 ||| Stepping ~*~*~tactically~*~*~ (stealth).
 19104 | D:13     | 19104 ||| INVOKING Heroism.
 19105 | D:13     | 19105 ||| Stepping ~*~*~tactically~*~*~ (stealth).
 19107 | D:13     | 19107 ||| Stepping ~*~*~tactically~*~*~ (stealth).
 19126 | D:13     | Received a gift from Okawaru
 19205 | D:13     | 19205 ||| RIP GAUNTLET
 19237 | D:13     | 19237 ||| PLANNING D
 19249 | D:13     | 19249 ||| INVOKING Heroism.
 19267 | D:13     | Reached skill level 3 in Dodging
 19268 | D:13     | 19268 ||| INVOKING Heroism.
 19325 | D:13     | 19325 ||| INVOKING Heroism.
 19460 | D:13     | 19460 ||| INVOKING Heroism.
 19478 | D:13     | Identified the +8 tower shield of Supple Strength {rC+
                  | Str+2 Dex+4 Slay+3} (Okawaru gifted it to you on level 13
                  | of the Dungeon)
 19478 | D:13     | Received a gift from Okawaru
 19524 | D:13     | Found a gate to the Vaults.
 19633 | D:13     | 19633 ||| INVOKING Heroism.
 19804 | D:13     | 19804 ||| UPGRADING to +8 tower shield of Supple Strength
                  | {rC+ Str+2 Dex+4 Slay+3}.
 19814 | D:13     | 19814 ||| DROPPING +0 buckler.
 19815 | D:13     | 19815 ||| READING 14 scrolls of identify.
 19815 | D:13     | 19815 ||| IDENTIFYING brown potion
 19898 | D:14     | 19898 ||| Stepping ~*~*~tactically~*~*~ (hiding).
 20045 | D:14     | 20045 ||| Stepping ~*~*~tactically~*~*~ (hiding).
 20058 | D:14     | 20058 ||| Stepping ~*~*~tactically~*~*~ (hiding).
 20063 | D:14     | 20063 ||| INVOKING Heroism.
 20066 | D:14     | 20066 ||| Stepping ~*~*~tactically~*~*~ (hiding).
 20103 | D:14     | 20103 ||| Stepping ~*~*~tactically~*~*~ (hiding).
 20116 | D:14     | Reached skill level 9 in Shields
 20155 | D:14     | 20155 ||| Stepping ~*~*~tactically~*~*~ (stealth).
 20211 | D:14     | 20211 ||| Stepping ~*~*~tactically~*~*~ (stealth).
 20222 | D:14     | 20222 ||| Stepping ~*~*~tactically~*~*~ (hiding).
 20226 | D:14     | 20226 ||| INVOKING Heroism.
 20228 | D:14     | 20228 ||| Stepping ~*~*~tactically~*~*~ (hiding).
 20657 | D:14     | 20657 ||| READING 13 scrolls of identify.
 20657 | D:14     | 20657 ||| IDENTIFYING green potion
 20670 | D:15     | Entered Level 15 of the Dungeon
 20679 | D:15     | 20679 ||| INVOKING Heroism.
 20735 | D:15     | 20735 ||| INVOKING Heroism.
 20847 | D:15     | 20847 ||| Stepping ~*~*~tactically~*~*~ (stealth).
 20850 | D:15     | 20850 ||| Stepping ~*~*~tactically~*~*~ (stealth).
 20851 | D:15     | 20851 ||| Stepping ~*~*~tactically~*~*~ (stealth).
 20910 | D:15     | 20910 ||| Stepping ~*~*~tactically~*~*~ (hiding).
 20911 | D:15     | 20911 ||| INVOKING Heroism.
 20950 | D:15     | 20950 ||| Stepping ~*~*~tactically~*~*~ (hiding).
 21114 | D:15     | 21114 ||| Stepping ~*~*~tactically~*~*~ (stealth).
 21116 | D:15     | 21116 ||| Stepping ~*~*~tactically~*~*~ (stealth).
 21206 | D:15     | 21206 ||| Stepping ~*~*~tactically~*~*~ (hiding).
 21206 | D:15     | Found a staircase to the Depths.
 21210 | D:15     | 21210 ||| INVOKING Heroism.
 21211 | D:15     | 21211 ||| SWAPPING to +2 morningstar of protection.
 21212 | D:15     | 21212 ||| INVOKING Finesse.
 21219 | D:15     | 21219 ||| SWAPPING to +4 broad axe of venom.
 21307 | D:15     | 21307 ||| Stepping ~*~*~tactically~*~*~ (stealth).
 21428 | D:15     | 21428 ||| PLANNING ORC
 21503 | Orc:1    | Entered Level 1 of the Orcish Mines
 21537 | Orc:1    | 21537 ||| INVOKING Heroism.
 21628 | Orc:2    | Entered Level 2 of the Orcish Mines
 21659 | Orc:2    | Found a staircase to the Elven Halls.
 21669 | Orc:2    | 21669 ||| Stepping ~*~*~tactically~*~*~ (hiding).
 21670 | Orc:2    | 21670 ||| Stepping ~*~*~tactically~*~*~ (hiding).
 21671 | Orc:2    | 21671 ||| Stepping ~*~*~tactically~*~*~ (hiding).
 21672 | Orc:2    | 21672 ||| Stepping ~*~*~tactically~*~*~ (hiding).
 21687 | Orc:2    | 21687 ||| Stepping ~*~*~tactically~*~*~ (stealth).
 21691 | Orc:2    | 21691 ||| Stepping ~*~*~tactically~*~*~ (hiding).
 21723 | Orc:2    | 21723 ||| INVOKING Heroism.
 21794 | Orc:2    | 21794 ||| INVOKING Heroism.
 21799 | Orc:2    | Reached skill level 12 in Shields
 21809 | Orc:2    | Received a gift from Okawaru
 21852 | Orc:2    | Found a runed translucent door.
 21862 | Orc:2    | Noticed qw's ghost (journeyman GrBe)
 21978 | Orc:2    | 21978 ||| Stepping ~*~*~tactically~*~*~ (hiding).
 21979 | Orc:2    | 21979 ||| Stepping ~*~*~tactically~*~*~ (hiding).
 21990 | Orc:2    | 21990 ||| INVOKING Heroism.
 22004 | Orc:2    | HP: 16/96 [orc high priest/divine providence (11)]
 22005 | Orc:2    | 22005 ||| READING 7 scrolls of teleportation.
 22005 | Orc:2    | HP: 4/96 [orc priest/divine providence (13)]
 22006 | Orc:2    | 22006 ||| DRINKING 5 potions of heal wounds.
 22007 | Orc:2    | 22007 ||| DRINKING 4 potions of heal wounds.
 22074 | Orc:2    | Found a runed translucent door.
 22080 | Orc:2    | Found the +10 tower shield of Ignorance {rN+ Int-4}
 22098 | Orc:2    | Found a runed translucent door.
 22176 | Orc:2    | 22176 ||| Stepping ~*~*~tactically~*~*~ (stealth).
 22178 | Orc:2    | 22178 ||| INVOKING Heroism.
 22182 | Orc:2    | 22182 ||| Stepping ~*~*~tactically~*~*~ (hiding).
 22186 | Orc:2    | 22186 ||| Stepping ~*~*~tactically~*~*~ (hiding).
 22301 | Orc:2    | Reached XP level 16. HP: 101/101 MP: 23/23
 22312 | Orc:2    | 22312 ||| INVOKING Heroism.
 22326 | Orc:2    | 22326 ||| Stepping ~*~*~tactically~*~*~ (stealth).
 22413 | Orc:2    | 22413 ||| Stepping ~*~*~tactically~*~*~ (stealth).
 22415 | Orc:2    | 22415 ||| Stepping ~*~*~tactically~*~*~ (hiding).
 22423 | Orc:2    | 22423 ||| INVOKING Heroism.
 22430 | Orc:2    | 22430 ||| Stepping ~*~*~tactically~*~*~ (stealth).
 22432 | Orc:2    | 22432 ||| Stepping ~*~*~tactically~*~*~ (hiding).
 22433 | Orc:2    | 22433 ||| Stepping ~*~*~tactically~*~*~ (hiding).
 22440 | Orc:2    | 22440 ||| Stepping ~*~*~tactically~*~*~ (hiding).
 22458 | Orc:2    | 22458 ||| INVOKING Heroism.
 22459 | Orc:2    | 22459 ||| INVOKING Finesse.
 22482 | Orc:2    | HP: 10/101 [orc knight/+2 great mace (26)]
 22483 | Orc:2    | 22483 ||| READING 6 scrolls of teleportation.
 22483 | Orc:2    | Mangled by an orc knight

Levels and vault maps discovered:
D:1:      dpeg_arrival_oval, layout_basic, hellmonk_ecumenical_altar_arch_garden
D:2:      layout_loops_ring
D:3:      layout_basic, lemuel_doored_altar, grunt_temple_overflow_diamond,
          lemuel_another_geyser
D:4:      layout_loops_ring, nzn_wu_jian_contemplation,
          minmay_temple_entry_statues, uniq_ijyb
D:5:      layout_loops_ring, uniq_duvessa, uniq_crazy_yiuf_cottage,
          uniq_blork_the_orc, uniq_edmund
D:6:      layout_basic, minmay_small_thing
D:7:      layout_rooms, nemelex_xobeh_ov_fountains_minmay,
          mainiacjoe_overflow_small_starburst, hellmonk_ghost_happy_afterlife
D:8:      layout_gridville
D:9:      layout_cave_pools, lemuel_blue_sif_altar, zin_treasury,
          nicolae_overflow_crystal_walls, serial_shops, nicolae_lakefront_shop,
          uniq_pikel
D:10:     layout_basic, minmay_lair_entry_grove
D:11:     layout_long_grid, serial_shops, shop, uniq_erica, uniq_urug
D:12:     layout_rooms, david_orc_4, minmay_librarian, uniq_nergalle,
          uniq_fannar, uniq_frances
D:13:     layout_stronghold, david_vaults_4, gauntlet_entry_generic
D:14:     layout_basic, serial_rivers, chequers_serial_rivers_marsh,
          chequers_serial_rivers_micro_c, chequers_serial_rivers_small_3,
          chequers_serial_rivers_micro_a, chequers_serial_rivers_small_3,
          chequers_serial_rivers_marsh, serial_bayou_ford_a
D:15:     hangedman_depths_entry_try_elsewhere_first, layout_gridville,
          minmay_misc_feat_room, ebering_dispersal_statue_hall
Temple:   pdpol_scorched_temple
Lair:1:   layout_cave_pods
Lair:2:   layout_cave_pods, elwin_shoals_entry_stream,
          guppyfry_snake_entry_island
Lair:3:   pond_and_an_island_with_a_cottage, layout_regular_city,
          serial_bayou_shore_b
Lair:4:   layout_small_grid, nicolae_slime_entry_slimehenge,
          ebering_ghost_funeral_grove, lemuel_fruit_fields, lemuel_fruit_tree,
          uniq_snorg
Lair:5:   grunt_lair_end_beastmaster, layout_loops_ring, minmay_hedge_maze,
          chequers_serial_rivers_small_3, grunt_megastairs_5,
          infiniplex_staircase_pool, serial_bayou_shore_b
Orc:1:    layout_caves, basic_altar, serial_shops, shop, abandoned_shop,
          minmay_orc_temple_c
Orc:2:    st_orc_pillars, layout_diamond_mine, ebering_ghost_reflecting_pool,
          basic_altar, chequers_guarded_unrand_ignorance

Skill      XL: |  1  2  3  4  5  6  7  8  9 10 11 12 13 14 15 16 |
---------------+-------------------------------------------------+-----
Axes           | 2 3 4 5 6 7 8 9 10 11 12 14 15 16 | 16.1
Fighting       | 4 5 7 8 9 10 11 12 | 12.1
Armour         | 4 5 6 7 8 10 11 12 | 12.0
Invocations    | 1 4 6 10 | 10.0
Dodging        | 1 2 3 |  3.0
Throwing       | 1 4 6 7 |  7.0
Shields        | 4 5 6 7 12 13 | 13.5

Action                   |  1- 3 |  4- 6 |  7- 9 | 10-12 | 13-15 | 16-18 || total
-------------------------+-------+-------+-------+-------+-------+-------++-------
Melee: War axe           |   110 |   132 |   200 |   524 |   200 |       ||  1166
       Morningstar       |       |       |       |    15 |    21 |       ||    36
       Broad axe         |       |       |       |       |   743 |    68 ||   811
Throw: Boomerang         |       |    16 |    34 |    53 |    82 |       ||   185
       Javelin           |       |       |       |    39 |    52 |     5 ||    96
Invok: Heroism           |       |       |    15 |    27 |    46 |     3 ||    91
       Finesse           |       |       |       |     4 |     8 |     1 ||    13
  Use: Scroll            |     3 |     6 |    12 |     5 |    10 |     1 ||    37
       Potion            |       |     2 |     1 |       |     4 |       ||     7
 Stab: Held in net/web   |       |       |     1 |       |       |       ||     1
       Petrified         |       |       |       |       |     4 |       ||     4
       Petrifying        |       |       |       |       |     1 |       ||     1
Armor: Scale mail        |    50 |    30 |       |       |       |       ||    80
       Plate armour      |       |    51 |    97 |   267 |   354 |     5 ||   774
Dodge: Dodged            |    42 |    60 |    58 |   232 |   282 |     6 ||   680
Block: Buckler           |    18 |    26 |    60 |   261 |   330 |       ||   695
       Reflection        |       |       |     1 |     8 |    30 |     1 ||    40
       Tower shield      |       |       |       |       |   270 |    67 ||   337

Table legend:
 A = Non-vault XP
 B = Vault XP
 C = Vault XP percentage of total XP
 D = Non-vault monster count
 E = Vault monster count
 F = Vault count percentage of total count
                 A         B        C        D         E       F
            +---------+---------+-------+---------+---------+-------
      Total |   96410 |   38092 |  28.3 |     493 |     144 |  22.6
            +---------+---------+-------+---------+---------+-------
        D:1 |      35 |       0 |   0.0 |      18 |       0 |   0.0
        D:2 |      64 |       0 |   0.0 |      19 |       0 |   0.0
        D:3 |     111 |       0 |   0.0 |      16 |       0 |   0.0
        D:4 |     498 |       0 |   0.0 |      31 |       0 |   0.0
        D:5 |     704 |     467 |  39.9 |      15 |       4 |  21.1
        D:6 |     846 |     510 |  37.6 |      10 |       1 |   9.1
        D:7 |     830 |       0 |   0.0 |      17 |       0 |   0.0
        D:8 |     865 |       0 |   0.0 |      25 |       0 |   0.0
        D:9 |    3073 |     607 |  16.5 |      20 |       1 |   4.8
       D:10 |    4015 |    2301 |  36.4 |      28 |      13 |  31.7
       D:11 |    4149 |    1648 |  28.4 |      17 |       2 |  10.5
       D:12 |    7101 |    4282 |  37.6 |      28 |      17 |  37.8
       D:13 |   10197 |    1908 |  15.8 |      23 |       4 |  14.8
       D:14 |    7495 |       0 |   0.0 |      19 |       0 |   0.0
       D:15 |    8661 |    2688 |  23.7 |      21 |       4 |  16.0
     Lair:1 |    5684 |       0 |   0.0 |      20 |       0 |   0.0
     Lair:2 |    2494 |    1541 |  38.2 |      15 |       6 |  28.6
     Lair:3 |    4639 |     993 |  17.6 |      16 |       4 |  20.0
     Lair:4 |   18529 |    3336 |  15.3 |      43 |      18 |  29.5
     Lair:5 |    7460 |   10058 |  57.4 |      36 |      21 |  36.8
      Orc:1 |    2722 |       0 |   0.0 |      13 |       0 |   0.0
      Orc:2 |    6238 |    7753 |  55.4 |      43 |      49 |  53.3
            +---------+---------+-------+---------+---------+-------
